 Dungeon Crawl Stone Soup version 0.24.0-2-g5b39cebb1c (webtiles) character file.

Game seed: 15250233917126504045, levelgen mode: deterministic

251 ventricule the Sneak (level 5, -3/29 HPs)
             Began as a Deep Elf Assassin on Oct 30, 2019.
             Was an Initiate of Vehumet.
             Slain by a mummy (15 damage)
             ... in an ossuary.
             The game lasted 00:06:54 (4922 turns).

ventricule the Sneak (Deep Elf Assassin)            Turns: 4922, Time: 00:06:54

Health: -3/29      AC:  4    Str: 13    XL:     5   Next: 88%
Magic:  7/7        EV: 14    Int: 17    God:    Vehumet [......]
Gold:   260        SH:  0    Dex: 16    Spells: 4/4 levels left

rFire    . . .     SeeInvis .   v - +2 dagger (drain)
rCold    . . .     Gourm    .   (no shield)
rNeg     . . .     Faith    .   j - +0 robe
rPois    .         Spirit   .   (no helmet)
rElec    .         Reflect  .   c - +0 cloak
rCorr    .         Harm     .   D - +0 pair of gloves
MR       .....                  (no boots)
Stlth    +++.......             (no amulet)
HPRegen  0.09/turn              (no ring)
MPRegen  0.10/turn              (no ring)

@: mighty
A: no striking features
a: Renounce Religion


You were in an ossuary.
You worshipped Vehumet.
Vehumet was noncommittal.
You were hungry.

You visited 2 branches of the dungeon, and saw 6 of its levels.
You also visited: Ossuary.

You collected 260 gold pieces.

Inventory:

Hand Weapons
 a - a +2 dagger
 o - a +2 whip of venom
 v - a +2 dagger of draining (weapon)
Missiles
 f - 2 curare-tipped darts
 g - 2 javelins (quivered)
 w - 4 boomerangs
 x - 30 poisoned darts
 Q - 94 stones
Armour
 b - a +0 robe
 c - a +0 cloak (worn)
 j - a +0 robe (worn)
 D - a +0 pair of gloves (worn)
Jewellery
 q - a cursed ring of attention {unknown}
Scrolls
 i - a scroll of identify
 r - 2 scrolls of enchant armour {unknown}
 s - a scroll of remove curse
 t - 2 scrolls of teleportation
 u - 3 scrolls of amnesia
 y - a scroll of random uselessness
 A - a scroll of immolation {unknown}
 B - a scroll of blinking {!r}
 C - a scroll of fear {unknown}
 E - a scroll of fog {unknown}
Potions
 h - a potion of haste {unknown}
 k - a potion of invisibility {unknown}
 l - 2 potions of mutation {unknown}
 m - a potion of degeneration {unknown}
 n - a potion of magic {unknown}
 p - 2 potions of brilliance {unknown}
 z - a potion of lignification {unknown}
 F - a potion of curing {unknown}
Comestibles
 e - 7 rations


   Skills:
 - Level 1.5 Fighting
 + Level 2.9 Short Blades
 - Level 1.2 Maces & Flails
 + Level 3.5 Throwing
 + Level 3.7 Dodging
 - Level 6.0 Stealth


You had 4 spell levels left.
You didn't know any spells.
Your spell library was empty.

Dungeon Overview and Level Annotations

Branches:
Dungeon (5/15)             Temple (1/1) D:4         Ossuary (1/1)

Altars:
Cheibriados
Dithmenos
Elyvilon
Gozag
Hepliaklqana
Kikubaaqudgha
Nemelex Xobeh
Ru
Sif Muna
Vehumet
Xom
Yredelemnul
Zin
The Shining One


Message History

You hit the mummy but do no damage. You barely miss the mummy.
The mummy closely misses you.
You hit the mummy.
A worker ant zombie comes into view.
Throwing (i - inventory. (/) - cycle)
w - 4 boomerangs (quivered)
Aim: a mummy (almost destroyed)
You throw a boomerang. The boomerang closely misses the mummy.
You hit the mummy but do no damage. You hit the mummy but do no damage.
The mummy hits you!
* * * LOW HITPOINT WARNING * * *
You take 8 damage, and have 12/29 hp.
MASSIVE DAMAGE!!
You feel very mighty all of a sudden.
Throwing (i - inventory. (/) - cycle)
g - 3 javelins
Aim: a mummy (almost destroyed)
You throw a javelin. The javelin pierces through the mummy.
The javelin pierces through the mummy but does no damage.
The mummy hits you!
Ouch! That really hurt!
You die...

##### ##### #..∩#
#...# #.∩.# #...#
≈ #...# #..@# .≈#
#.##'##+##M##≈≈#≈#
+.........(.MZ≈P≈#
#+#'#'#+#+#≈#.≈≈≈≈
#.#.# .# ####
##### ##


You could see a mummy.

Levels and vault maps discovered:
D:1:      saegor_arrival_simple_c, layout_loops_corners, patterned_corridor
D:2:      layout_loops_cross, chequers_serial_rivers_small_b
D:3:      layout_basic
D:4:      layout_rooms, minmay_temple_entry_crystal_x
D:5:      layout_loops_ring, gammafunk_temple_overflow_statue, basic_altar,
          first_ration, enter_ossuary_2
Temple:   eino_temple_rhombus
Ossuary:  ossuary_zaba_flooded

Notes
Turn   | Place    | Note
-------+----------+-------------------------------------------
     0 | D:1      | ventricule the Deep Elf Assassin began the quest for the
                  | Orb.
     0 | D:1      | Reached XP level 1. HP: 12/12 MP: 3/3
    99 | D:1      | Identified a +0 club
   232 | D:1      | Identified a +0 club
   238 | D:1      | Reached skill level 5 in Stealth
   251 | D:1      | Reached XP level 2. HP: 16/16 MP: 4/4
   309 | D:1      | Identified a cursed +0 robe (You found it on level 1 of the
                  | Dungeon)
   650 | D:1      | Reached skill level 2 in Dodging
   652 | D:1      | HP: 3/16 [hobgoblin (4)]
   666 | D:1      | HP: 2/16 [jackal (1)]
  1076 | D:1      | Identified a +0 club
  1252 | D:1      | Reached XP level 3. HP: 17/20 MP: 5/5
  1257 | D:1      | Identified a +2 whip of venom (You found it on level 1 of
                  | the Dungeon)
  1724 | D:2      | Identified a +0 short sword
  1724 | D:2      | Identified a cursed +0 ring mail
  1878 | D:2      | Identified a +0 whip
  1878 | D:2      | Identified a +0 scale mail
  2005 | D:2      | HP: 5/20 [poisoned by a goblin]
  2013 | D:2      | HP: 4/20 [poisoned by a goblin]
  2477 | D:2      | Identified a +0 club
  2584 | D:2      | Reached XP level 4. HP: 18/25 MP: 6/6
  3175 | D:3      | Identified a +0 club
  3451 | D:3      | Identified a +0 club
  3633 | D:3      | Identified a +0 hand axe
  3634 | D:3      | Identified a +0 dagger
  3640 | D:3      | Reached skill level 1 in Maces & Flails
  3698 | D:4      | Reached skill level 3 in Throwing
  3780 | D:4      | Found a staircase to the Ecumenical Temple.
  3791 | Temple   | Entered the Ecumenical Temple
  3857 | Temple   | Became a worshipper of Vehumet
  3892 | D:4      | Identified 3 scrolls of teleportation
  3899 | D:4      | Reached skill level 3 in Dodging
  3899 | D:4      | Reached XP level 5. HP: 12/29 MP: 7/7
  4128 | D:4      | Identified a +1 dagger of draining (You found it on level 4
                  | of the Dungeon)
  4330 | D:4      | Reached skill level 6 in Stealth
  4655 | D:5      | Entered Level 5 of the Dungeon
  4656 | D:5      | Identified 2 scrolls of random uselessness
  4657 | D:5      | Identified 2 scrolls of remove curse
  4658 | D:5      | Identified a scroll of enchant weapon
  4659 | D:5      | Identified a scroll of identify
  4659 | D:5      | Identified a potion of might
  4665 | D:5      | Identified a +0 pair of gloves (You found it on level 4 of
                  | the Dungeon)
  4665 | D:5      | Identified 2 scrolls of amnesia
  4666 | D:5      | Identified 2 scrolls of blinking
  4742 | D:5      | Found a sand-covered staircase.
  4806 | Ossuary  | Entered an ossuary
  4922 | Ossuary  | Slain by a mummy

Table legend:
 A = Turns spent in this place as a percentage of turns spent in the entire game.
 B = Non-inter-level travel turns spent in this place as a percentage of non-inter-level travel turns spent in the entire game.
 C = Inter-level travel turns spent in this place as a percentage of turns spent in this place.
 D = Turns resting spent in this place as a percentage of non-inter-level travel turns spent in this place.
 E = Turns spent auto-exploring this place as a percentage of non-inter-level travel turns spent in this place.
 F = Non-inter-level travel turns spent in this place divided by the number of levels of this place that you've seen.
                   A       B       C       D       E      F
               +-------+-------+-------+-------+-------+----------------------
         Total | 100.0 | 100.0 |   1.9 |  43.2 |  42.7 | 689.7
       Dungeon |  96.1 |  96.2 |   1.8 |  44.0 |  42.7 | 928.8
        Temple |   1.6 |   1.4 |  11.7 |   0.0 |  88.2 |  68.0
       Ossuary |   2.4 |   2.4 |   0.0 |  35.3 |  17.2 | 116.0
               +-------+-------+-------+-------+-------+----------------------

Table legend:
 A = Kills in this place as a percentage of kills in entire the game.
 B = Kills by you in this place as a percentage of kills by you in the entire game.
 C = Kills by friends in this place as a percentage of kills by friends in the entire game.
 D = Other kills in this place as a percentage of other kills in the entire game.
 E = Experience gained in this place as a percentage of experience gained in the entire game.
 F = Experience gained in this place divided by the number of levels of this place that you have seen.
                   A       B       C       D       E      F
               +-------+-------+-------+-------+-------+----------------------
         Total | 100.0 | 100.0 |   N/A |   N/A | 100.0 |  51.3
       Dungeon |  94.1 |  94.1 |   N/A |   N/A |  88.9 |  63.8
       Ossuary |   5.9 |   5.9 |   N/A |   N/A |  11.1 |  40.0
               +-------+-------+-------+-------+-------+----------------------

Skill      XL: |  1  2  3  4  5 |
---------------+----------------+-----
Stealth        | 5 6 |  6.0
Dodging        | 2 3 |  3.7
Maces & Flails | 1 |  1.2
Throwing       | 3 |  3.5
Fighting       | |  1.5
Short Blades   | |  2.9

Action                   |  1- 3 |  4- 6 || total
-------------------------+-------+-------++-------
Melee: Dagger            |    53 |    80 ||   133
       Whip              |    49 |    59 ||   108
Throw: Dart              |    19 |    24 ||    43
       Stone             |       |     4 ||     4
       Javelin           |       |     2 ||     2
       Boomerang         |       |     9 ||     9
  Use: Scroll            |       |     7 ||     7
       Potion            |       |     1 ||     1
 Stab: Sleeping          |     9 |     7 ||    16
  Eat: Chunk             |     2 |     3 ||     5
       Ration            |     1 |     1 ||     2
Armor: Robe              |    33 |    21 ||    54
Dodge: Dodged            |    82 |    95 ||   177

Vanquished Creatures
  A hound (D:5)
  A centaur skeleton (D:4)
  A mummy (Ossuary)
  A howler monkey zombie (Ossuary)
  8 adders
  4 oozes
  2 adder skeletons (D:4)
  An adder zombie (Ossuary)
  4 dart slugs
  2 orcs (D:3)
  6 bats
  4 giant cockroaches
  4 goblins
  10 hobgoblins
  2 jackals (D:1)
  A quokka (D:3)
  3 ball pythons
  4 frilled lizards
  4 kobolds
  A leopard gecko skeleton (D:5)
  A quokka zombie (Ossuary)
  3 rats
68 creatures vanquished.

Vanquished Creatures (others)
  2 withered plants (Ossuary)
2 creatures vanquished.

Grand Total: 70 creatures vanquished
